 Dungeon Crawl Stone Soup version 0.21-a0-404-g291f19a (webtiles) character file.

316 tof the Twirler (level 6, -6/52 HPs)
             Began as a Minotaur Gladiator on Oct 26, 2017.
             Was a Follower of Okawaru.
             Mangled by a gnoll
             ... wielding a +0 halberd
              (9 damage)
             ... on level 4 of the Dungeon.
             The game lasted 00:03:53 (2440 turns).

tof the Twirler (Minotaur Gladiator)                Turns: 2440, Time: 00:03:54

Health: -6/52      AC:  9    Str: 20    XL:     6   Next: 20%
Magic:  5/5        EV:  9    Int:  5    God:    Okawaru [*.....]
Gold:   139        SH:  0    Dex: 12    Spells: 5/5 levels left

rFire    . . .     SeeInvis .   a - +0 quarterstaff
rCold    . . .     Gourm    +   (shield currently unavailable)
rNeg     . . .     Faith    .   n - +0 chain mail
rPois    .         Spirit   .   c - +0 hat
rElec    .         Reflect  .   (no cloak)
rCorr    .         Harm     .   (no gloves)
MR       .....                  (no boots)
Stlth    ..........             v - amulet of the gourmand
HPRegen  0.17/turn              (no ring)
MPRegen  0.09/turn              (no ring)

@: glowing
A: retaliatory headbutt, horns 2
a: Heroism, Renounce Religion


You were on level 4 of the Dungeon.
You worshipped Okawaru.
Okawaru was aware of your devotion.
You were hungry.

You visited 1 branch of the dungeon, and saw 4 of its levels.

You collected 139 gold pieces.

Inventory:

Hand Weapons
 a - a +0 quarterstaff (weapon)
 b - a +0 blowgun
Missiles
 d - 3 throwing nets (quivered)
 t - 8 poisoned needles
Armour
 c - a +0 hat (worn)
 i - a +0 leather armour
 n - a +0 chain mail (worn)
Jewellery
 v - an amulet of the gourmand (around neck)
Wands
 r - a wand of random effects (17/48)
Scrolls
 g - a scroll of fear {unknown}
 k - a scroll of fog {unknown}
 o - 2 scrolls of noise {unknown}
 q - a scroll of random uselessness {unknown}
 s - 4 scrolls of identify {unknown}
 x - a scroll of magic mapping {unknown}
 y - 2 scrolls of remove curse {unknown}
Potions
 e - 2 potions of degeneration {unknown}
 l - 2 potions of curing {unknown}
 m - a potion of invisibility {unknown}
 p - 4 potions of brilliance {unknown}
 w - a potion of flight {unknown}
 z - a potion of lignification {unknown}
 A - 2 potions of heal wounds {unknown}
 B - a potion of might {unknown}
 C - a potion of haste {unknown}
Comestibles
 f - 3 bread rations
 h - a royal jelly
 j - 3 fruits
 u - 2 meat rations


   Skills:
 + Level 3.7 Fighting
 * Level 5.5 Staves
 + Level 2.9 Throwing
 * Level 3.8 Armour
 + Level 4.1 Dodging


You had 5 spell levels left.
You didn't know any spells.

Dungeon Overview and Level Annotations

Branches:
Dungeon (4/15)
 Temple: D:4-7

Altars:
Makhleb
Okawaru
Vehumet


Innate Abilities, Weirdness & Mutations

You reflexively headbutt those who attack you in melee.
You have a pair of horns on your head.


Message History

The gnoll closely misses you.
The gnoll shaman hits you but does no damage.
You closely miss the gnoll shaman.
The gnoll shaman is moderately wounded.
The gnoll barely misses you.
The gnoll hits you from afar with a halberd.
* * * LOW HITPOINT WARNING * * *
The gnoll shaman calls down the wrath of its god upon you.
You are outlined in light.
The gnoll barely misses you.
You hit the gnoll shaman. You headbutt the gnoll shaman.
The gnoll shaman is severely wounded.
The gnoll barely misses you. The gnoll shaman closely misses you.
The gnoll hits you from afar with a halberd.
* * * LOW HITPOINT WARNING * * *
The gnoll shaman calls upon its god to speed up the gnoll.
The gnoll seems to speed up.
The gnoll shaman utters an invocation to its god.
The gnoll shaman is healed somewhat.
The gnoll hits you from afar with a halberd!
You die...

### #.# ###.#
..#####...#
.......@#.#
..#####.#.# #g#g# #..#
.####g#.######..#.#.#
.............#..#...#.
.............#..#.#.#.
.......g.....#..#.#.#.
..###.#.######..#.#.#.
. #.#.# #..#.#.#.


You could see 2 gnolls.

Vanquished Creatures
  A scorpion (D:4)
  A crimson imp (D:3)
  An orc priest (D:3)
  An orc wizard (D:3)
  Terence (D:3)
  An iguana (D:4)
  A worker ant (D:3)
  2 adders
  A gnoll (D:4)
  A dart slug (D:3)
  A leopard gecko (D:1)
  2 orcs (D:3)
  9 bats
  7 giant cockroaches
  5 hobgoblins
  4 jackals (D:1)
  10 kobolds
  4 quokkas
  3 ball pythons
  4 frilled lizards
  6 goblins
  8 rats (D:1)
74 creatures vanquished.

Notes
Turn   | Place    | Note
-------+----------+-------------------------------------------
     0 | D:1      | tof the Minotaur Gladiator began the quest for the Orb.
     0 | D:1      | Reached XP level 1. HP: 18/18 MP: 0/0
    38 | D:1      | Reached skill level 1 in Armour
    51 | D:1      | Reached XP level 2. HP: 25/25 MP: 1/1
    79 | D:1      | Reached skill level 4 in Staves
   328 | D:1      | Reached XP level 3. HP: 30/30 MP: 2/2
   556 | D:2      | Found an iron altar of Okawaru.
   569 | D:2      | Became a worshipper of Warmaster Okawaru
  1140 | D:2      | Reached XP level 4. HP: 35/38 MP: 3/3
  1675 | D:3      | Reached XP level 5. HP: 45/45 MP: 4/4
  1765 | D:3      | Reached skill level 5 in Staves
  1835 | D:3      | Noticed Terence
  1844 | D:3      | Killed Terence
  2111 | D:3      | Found a burning altar of Makhleb.
  2112 | D:3      | Found a radiant altar of Vehumet.
  2327 | D:4      | Reached * piety under Okawaru
  2327 | D:4      | Reached XP level 6. HP: 42/52 MP: 5/5
  2429 | D:4      | HP: 2/52 [gnoll/halberd (5)]
  2440 | D:4      | Mangled by a gnoll

Vault maps used:
D:1:      dpeg_arrival_windows_large_door
D:2:      okawaru_trees_2
D:3:      grunt_temple_overflow_lords_of_destruction, uniq_terence, uniq_natasha
D:4:      first_bread, grunt_decor_cap, minivault_26

Skill      XL: |  1  2  3  4  5 |
---------------+----------------+-----
Armour         | 1 2 3 |  3.8
Staves         | 4 5 |  5.5
Fighting       | 3 |  3.7
Dodging        | 4 |  4.1
Throwing       | |  2.9

Action                   |  1- 3 |  4- 6 || total
-------------------------+-------+-------++-------
Melee: Quarterstaff      |    99 |    87 ||   186
       Headbutt          |    13 |    13 ||    26
  Eat: Chunk             |       |     4 ||     4
Armor: Leather armour    |    19 |       ||    19
       Chain mail        |    12 |    44 ||    56
Dodge: Dodged            |    69 |    37 ||   106

Table legend:
 A = Spawn XP
 B = Non-spawn XP
 C = Spawn XP percentage of total XP
 D = Spawn monster count
 E = Non-spawn monster count
 F = Spawn count percentage of total count
 G = Total turns spent on level
                    A         B        C        D         E        F      G
               +---------+---------+-------+---------+---------+-------+---------
         Total |       0 |     452 |   0.0 |       0 |      74 |   0.0 |  2440
               +---------+---------+-------+---------+---------+-------+---------
           D:1 |       0 |      45 |   0.0 |       0 |      30 |   0.0 |   489
           D:2 |       0 |      55 |   0.0 |       0 |      26 |   0.0 |   701
           D:3 |       0 |     235 |   0.0 |       0 |      14 |   0.0 |   976
           D:4 |       0 |     117 |   0.0 |       0 |       4 |   0.0 |   274
               +---------+---------+-------+---------+---------+-------+---------
